 Dungeon Crawl Stone Soup version 0.22.1-1-ga44c0e5 (webtiles) character file.

336 Velaskes the Conjurer (level 6, -9/33 HPs)
             Began as a Deep Elf Conjurer on Oct 31, 2018.
             Was an Initiate of Vehumet.
             Killed by divine providence
             ... invoked by an orc priest
              (17 damage)
             ... on level 4 of the Dungeon.
             The game lasted 00:31:02 (4508 turns).

Velaskes the Conjurer (Deep Elf Conjurer)           Turns: 4508, Time: 00:31:02

Health: -9/33      AC:  2    Str: 10    XL:     6   Next: 28%
Magic:  11/25      EV: 14    Int: 22    God:    Vehumet [......]
Gold:   240        SH:  4    Dex: 17    Spells: 14/15 levels left

rFire    . . .     SeeInvis .   j - +2 short sword (venom)
rCold    . . .     Gourm    .   (no shield)
rNeg     . . .     Faith    .   a - +0 robe
rPois    .         Spirit   .   (no helmet)
rElec    .         Reflect  .   (no cloak)
rCorr    .         Harm     .   (no gloves)
MR       .....                  (no boots)
Stlth    +++.......             (no amulet)
HPRegen  0.11/turn              f - ring of magical power
MPRegen  0.19/turn              (no ring)

@: mighty
A: large bone plates 1, agile 1, sense surroundings 1
a: Renounce Religion


You were on level 4 of the Dungeon.
You worshipped Vehumet.
Vehumet was noncommittal.
You were not hungry.

You visited 2 branches of the dungeon, and saw 5 of its levels.

You collected 240 gold pieces.

Inventory:

Hand Weapons
 j - a +2 short sword of venom (weapon)
 o - a +1 club
Armour
 a - a +0 robe (worn)
 l - a +0 robe
Jewellery
 f - a ring of magical power (left hand)
Wands
 e - a wand of enslavement (13)
Scrolls
 d - a scroll of remove curse
 g - 2 scrolls of identify
 h - a scroll of fog {unknown}
 i - 5 scrolls of teleportation
 n - a scroll of enchant armour {unknown}
 p - a scroll of enchant weapon
Potions
 b - a potion of brilliance
 k - 2 potions of might
 m - 2 potions of agility
Comestibles
 c - 8 rations


   Skills:
 + Level 0.3 Fighting
 + Level 3.5 Dodging
 + Level 3.4 Stealth
 + Level 5.3 Spellcasting
 + Level 6.6 Conjurations


You had 14 spell levels left.
You knew the following spells:

 Your Spells              Type           Power        Failure   Level  Hunger
a - Magic Dart            Conj           ####         1%          1    None

Your spell library contained the following spells:

 Spells                   Type           Power        Failure   Level  Hunger
 Searing Ray              Conj           #####.       1%          2    None
 Iskenderun's Mystic Bla  Conj           #####...     6%          4    ####...
 Dazzling Spray           Conj/Hex       ###...       8%          3    ##.....
 Force Lance              Conj/Tloc      ###.....     26%         4    ####...
 Fulminant Prism          Conj/Hex       ###.......   26%         4    ####...


Dungeon Overview and Level Annotations

Branches:
Dungeon (4/15)             Temple (1/1) D:4

Altars:
Cheibriados
Dithmenos
Elyvilon
Fedhas
Hepliaklqana
Kikubaaqudgha
Makhleb
Nemelex Xobeh
Okawaru
Uskayaw
Vehumet
Wu Jian
Xom
Yredelemnul
Zin
The Shining One

Annotations:
D:3 Grinder


Innate Abilities, Weirdness & Mutations

You are partially covered in large bone plates. (SH +4)
You are agile. (Dex +2)
You passively map a small area around you.


Message History

Press: ? - help, Shift-Dir - straight line, f/p - orc wizard
Aim: an orc wizard, wielding a dagger and wearing a robe (severely wounded)
The magic dart hits the orc wizard.
The orc wizard is severely wounded.
The orc wizard hits you with a dagger.
* * * LOW HITPOINT WARNING * * *
It was a potion of might.
You feel very mighty all of a sudden. The orc wizard completely misses you.
Casting: Magic Dart (safe; 1% risk of failure)
Confirm with . or Enter, or press ? or * to list all spells.
Aiming: Magic Dart (safe; 1% risk of failure)
Press: ? - help, Shift-Dir - straight line, f/p - orc wizard
Aim: an orc wizard, wielding a dagger and wearing a robe (severely wounded)
The magic dart hits the orc wizard.
The orc wizard is almost dead.
The orc priest calls down the wrath of Beogh upon you.
Beogh smites you!
Ouch! That really hurt!
You die...

#...##....,
###.........* , #..
..........#. ....
............ , ...
, , , ............
, ... ,
###...##.... *###.#
, , #.........
#oo., ,, *
#...####.#####o# *
, *#...# *.##...@#
, . ...## * #.##.#
,, ####.#
####'####,,,, *
#....# #.......#* ,
#.##.# ###.......#,
, ,, * #.##.#
#.'...>...#* *
.....###.#.......#
* *
#........#.......#
#...#########+####*


You could see an orc priest, an orc wizard and an orc.

Vanquished Creatures
  An ice beast (D:4)
  A howler monkey (D:4)
  An orc priest (D:3)
  An orc wizard (D:3)
  3 gnolls (D:4)
  3 adders
  2 oozes
  2 dart slugs
  2 leopard geckos
  6 orcs
  2 giant cockroaches
  7 goblins
  10 hobgoblins
  5 jackals
  3 quokkas (D:3)
  2 ball pythons
  9 bats
  6 frilled lizards
  6 kobolds
  A rat (D:1)
  A spectral orc (D:2)
74 creatures vanquished.

Vanquished Creatures (others)
  A human (D:2)
1 creature vanquished.

Grand Total: 75 creatures vanquished

Notes
Turn   | Place    | Note
-------+----------+-------------------------------------------
     0 | D:1      | Velaskes the Deep Elf Conjurer began the quest for the Orb.
     0 | D:1      | Reached XP level 1. HP: 10/10 MP: 6/6
   519 | D:1      | Reached XP level 2. HP: 15/15 MP: 5/8
   969 | D:1      | Reached skill level 5 in Conjurations
  1531 | D:1      | Gained mutation: You are agile. (Dex +2) [potion of
                  | mutation]
  1531 | D:1      | Gained mutation: You are partially covered in large bone
                  | plates. (SH +4) [potion of mutation]
  1531 | D:1      | Gained mutation: You passively map a small area around you.
                  | [potion of mutation]
  1638 | D:2      | Found an ancient bone altar of Kikubaaqudgha.
  1639 | D:2      | Noticed a human
  1641 | D:2      | Killed a human
  1728 | D:2      | Reached XP level 3. HP: 19/19 MP: 5/9
  2203 | D:2      | Reached XP level 4. HP: 23/24 MP: 11/11
  2609 | D:2      | Found a basalt altar of Yredelemnul.
  3089 | D:3      | Reached skill level 6 in Conjurations
  3089 | D:3      | Reached XP level 5. HP: 24/28 MP: 9/13
  3421 | D:3      | Found a shadowy altar of Dithmenos.
  3496 | D:3      | Noticed Grinder
  3511 | D:3      | Paralysed by Grinder for 6 turns
  3526 | D:3      | Paralysed by Grinder for 5 turns
  3837 | D:4      | Noticed an ice beast
  3867 | D:4      | Killed an ice beast
  3867 | D:4      | Reached skill level 5 in Spellcasting
  3867 | D:4      | Reached XP level 6. HP: 16/33 MP: 15/15
  4099 | D:4      | Found a staircase to the Ecumenical Temple.
  4108 | Temple   | Entered the Ecumenical Temple
  4461 | Temple   | Became a worshipper of Vehumet
  4508 | D:4      | Killed from afar by an orc priest

Skill      XL: |  1  2  3  4  5 |
---------------+----------------+-----
Conjurations   | 5 6 |  6.6
Stealth        | 3 |  3.4
Dodging        | 3 |  3.5
Spellcasting   | 4 5 |  5.3
Fighting       | |  0.3

Action                   |  1- 3 |  4- 6 || total
-------------------------+-------+-------++-------
Melee: Short sword       |       |     4 ||     4
 Cast: Magic Dart        |    85 |    95 ||   180
Evoke: Wand              |       |     1 ||     1
  Use: Potion            |     6 |     3 ||     9
       Scroll            |     5 |       ||     5
  Eat: Ration            |     1 |     2 ||     3
       Chunk             |       |     2 ||     2
Armor: Robe              |     3 |     8 ||    11
Dodge: Dodged            |     8 |    23 ||    31
Block: Other             |     2 |     6 ||     8
